cohdb
Replays
Latest Replays
All Replays
Popular Replays
Top Player Replays
Match Explorer
How It Works
Community
CoH3 Stats
Reddit
Sign in to upload your games and track your stats! →
Sign in with Steam
Match 42046020
Unlisted
Match 42046020
Overview
Messages
Build Orders
End
Construct Weapon Support Center
Engineer Squad
M1919 Machine Gun Team
Bazooka Squad
M1919 Machine Gun Team
Bazooka Squad
Infantry Support Center
M3 Armored Personnel Carrier
Selects Heavy Weapons
Selects Assault Carriers
Selects M2HB .50cal Heavy Machine Gun
Mortar Pit
M3 Assault Carrier
Engineer Squad
Construct Tank Depot
M1919 Machine Gun Team
Selects Exchangeable Parts
Selects Rapid Reposition
M4(105) Sherman Bulldozer
Bazooka Squad
Engineer Squad
Bazooka Squad
M1919 Machine Gun Team
Selects Black Dragon Artillery Barrage
Selects Black Dragon Artillery Barrage
M4(105) Sherman Bulldozer
Black Dragon Artillery Barrage
M18 Hellcat Tank Destroyer
Black Dragon Artillery Barrage
Dawes
Ratman1002
A faszos
Whitent
ChiefoftheAll
PedroG
Thrawn
Hostile
0
0
Comments
sign in to comment!
No comments posted yet!